 Dungeon Crawl Stone Soup version 0.24.0-123-gd5b16e6ec5 (webtiles) character file.

Game seed: 6390857366512978674, levelgen mode: deterministic

33 Chiseanne the Magician (level 3, 20/24 HPs)
             Began as a Demonspawn Wizard on Jan 22, 2020.
             Quit the game on level 2 of the Dungeon.
             The game lasted 00:01:36 (1447 turns).

Chiseanne the Magician (Demonspawn Wizard)          Turns: 1447, Time: 00:01:37

Health: 20/24      AC:  4    Str:  7    XL:     3   Next: 12%
Magic:  0/7        EV: 12    Int: 20    God:
Gold:   40         SH:  4    Dex: 11    Spells: 7/8 levels left

rFire    . . .     SeeInvis .   j - +0 short sword
rCold    . . .     Gourm    .   f - +0 buckler
rNeg     . . .     Faith    .   a - +0 robe
rPois    .         Spirit   .   b - +0 hat
rElec    .         Reflect  .   n - scarf {cloud immunity}
rCorr    .         Harm     .   (no gloves)
MR       .....                  (no boots)
Stlth    ++........             (no amulet)
HPRegen  0.08/turn              (no ring)
MPRegen  0.10/turn              (no ring)

@: no status effects
A: molten scales 1, demonic guardian 1
a: no special abilities


You were on level 2 of the Dungeon.
You were hungry.

You visited 1 branch of the dungeon, and saw 3 of its levels.

You collected 40 gold pieces.

Inventory:

Hand Weapons
 j - a +0 short sword (weapon)
Missiles
 c - 20 bolts
 k - 9 arrows
 p - 2 stones (quivered)
Armour
 a - a +0 robe (worn)
 b - a +0 hat (worn)
 f - a +0 buckler (worn)
 n - a scarf of cloud immunity (worn)
Scrolls
 e - a scroll of immolation {unknown}
 g - a scroll of identify {unknown}
 i - a scroll of teleportation {unknown}
 l - a scroll of random uselessness {unknown}
Potions
 h - a potion of curing {unknown}
 m - a potion of berserk rage {unknown}
Comestibles
 d - a ration
 o - 2 chunks of flesh


   Skills:
 - Level 1.7 Dodging
 - Level 1.7 Stealth
 + Level 2.2 Shields
 - Level 3.1 Spellcasting
 - Level 1.2 Conjurations
   Level 1.0 Summonings
   Level 0.8 Translocations


You had 7 spell levels left.
You knew the following spells:

 Your Spells              Type           Power        Failure   Level  Hunger
a - Magic Dart            Conj           #...         11%         1    None

Your spell library contained the following spells:

 Spells                   Type           Power        Failure   Level  Hunger
 Call Imp                 Summ           #.......     17%         2    ##.....
 Blink                    Tloc           N/A          19%         2    ##.....
 Slow                     Hex            #.......     26%         2    ##.....
 Conjure Flame            Conj/Fire      #.......     38%         3    ###....
 Mephitic Cloud           Conj/Pois/Air  #.......     41%         3    ###....


Dungeon Overview and Level Annotations

Branches:
Dungeon (3/15)

Altars:


Innate Abilities, Weirdness & Mutations

You are partially covered in molten scales. (AC +2)
A weak demonic guardian rushes to your aid.


Message History

Confirm with . or Enter, or press ? or * to list all spells.
Aiming: Magic Dart (safe; 12% risk of failure)
Press: ? - help, Shift-Dir - straight line, f/p - hobgoblin
Aim: a hobgoblin, wielding a +0 club (severely wounded)
The magic dart hits the adder.
The adder is almost dead.
The adder bites you.
Casting: Magic Dart (safe; 12% risk of failure)
Confirm with . or Enter, or press ? or * to list all spells.
Aiming: Magic Dart (safe; 12% risk of failure)
Press: ? - help, Shift-Dir - straight line, f/p - hobgoblin
Aim: a hobgoblin, wielding a +0 club (severely wounded)
The magic dart hits the adder.
You kill the adder!
You have reached level 3!
Your experience leads to an increase in your attributes!
Increase (S)trength, (I)ntelligence, or (D)exterity?
You feel clever.
Your demonic ancestry asserts itself...
You feel the presence of a demonic guardian.
Are you sure you want to abandon this character and quit the game? (Confirm with "yes".)

..
.##.##.#####.#
###+#.....#
#.#
#......##.#
#.#
#......'..#
#.#
##......##.#
..#
+......)+..#
###
##......##.#
...........#
...######@.#
.. ##g# . .#
.# .#
######### ..
#.......# .#
#####.......#
.#
....#.......#


You could see a hobgoblin.

Vanquished Creatures
  An adder (D:2)
  2 ball pythons
  A bat (D:1)
  A giant cockroach (D:1)
  4 goblins
  2 hobgoblins (D:1)
  2 jackals
  4 kobolds
  3 frilled lizards (D:1)
  3 rats (D:1)
23 creatures vanquished.

Notes
Turn   | Place    | Note
-------+----------+-------------------------------------------
     0 | D:1      | Chiseanne the Demonspawn Wizard began the quest for the
                  | Orb.
     0 | D:1      | Reached XP level 1. HP: 13/13 MP: 4/4
   363 | D:1      | Reached skill level 1 in Shields
   363 | D:1      | Gained mutation: You are partially covered in molten
                  | scales. (AC +2) [demonic ancestry]
   363 | D:1      | Reached XP level 2. HP: 11/19 MP: 0/6
  1446 | D:2      | Gained mutation: A weak demonic guardian rushes to your
                  | aid. [demonic ancestry]
  1446 | D:2      | Reached XP level 3. HP: 20/24 MP: 0/7
  1447 | D:2      | Quit the game

Levels and vault maps discovered:
D:1:      minmay_arrival_cross, layout_loops_ring
D:2:      wad_lake_hut, layout_basic, first_ration, roderic_lattice_a,
          kennysheep_generic_room_16
D:3:      layout_loops_cross, marbit_many_paths

Skill      XL: |  1  2 |
---------------+-------+-----
Shields        | 1 2 |  2.2
Dodging        | |  1.7
Stealth        | |  1.7
Spellcasting   | |  3.1
Conjurations   | |  1.2
Summonings     | |  1.0
Translocations | |  0.8

Action                   || total
-------------------------++-------
Melee: Unarmed           ||    18
       Short sword       ||     6
 Cast: Magic Dart        ||    54
  Eat: Chunk             ||     1
Armor: Robe              ||    11
Dodge: Dodged            ||    19
Block: Buckler           ||     7
